 Dungeon Crawl Stone Soup version 0.29-a0-294-g83ea962da3 (webtiles) character file.

Game seed: 8383107363361189278

630 namelastname112 the Sneak (level 7, -3/59 HPs)
             Began as a Pale Draconian Brigand on Mar 18, 2022.
             Was a Priest of Lugonu.
             Killed by nerve-wracking pain
             ... invoked by an orc priest
              (7 damage)
             ... on level 4 of the Dungeon.
             The game lasted 00:03:48 (4307 turns).

namelastname112 the Sneak (Pale Draconian Brigand)  Turns: 4307, Time: 00:03:49

Health: -3/59      AC:  7    Str: 19    XL:     7   Next: 24%
Magic:  9/9        EV: 13    Int: 11    God:    Lugonu [***...]
Gold:   262        SH:  0    Dex: 15    Spells: 6/6 levels left

rFire   . . .      SeeInvis .   a - +2 dagger
rCold   . . .      Faith    .   (no shield)
rNeg    . . .      Spirit   .   (body armour unavailable)
rPois   +          Reflect  .   (helmet restricted)
rElec   .          Harm     .   b - +0 cloak
rCorr   .          Rampage  .   (no gloves)
Will    .....                   (no boots)
Stlth   +++.......              (no amulet)
HPRegen 0.19/turn               i - +6 ring of strength
MPRegen 0.11/turn               l - ring of poison resistance

@: no status effects
A: breathe steam, AC +6, unfitting armour, cold-blooded, steam resistance
a: Breathe Steam, Renounce Religion, Depart the Abyss, Bend Space, Banish


You were on level 4 of the Dungeon.
You worshipped Lugonu.
Lugonu was most pleased with you.
You visited 1 branch of the dungeon, and saw 4 of its levels.

You collected 262 gold pieces.

Inventory:

Hand Weapons
 a - a +2 dagger (weapon)
Missiles
 c - 7 poisoned darts
 d - 3 curare-tipped darts
 n - 4 javelins (quivered)
 s - a throwing net
Armour
 b - a +0 cloak (worn)
Jewellery
 i - a +6 ring of strength (left hand)
 l - a ring of poison resistance (right hand)
 o - the ring of Plog {Ice rN+}
   (You found it on level 2 of the Dungeon)

   [ring of ice]

   It enhances your ice magic.
   rF:        It makes you vulnerable to fire.
   rC:        It protects you from cold.
   rN:        It protects you from negative energy.
Wands
 e - a wand of flame (18)
Scrolls
 j - 4 scrolls of amnesia
 p - a scroll of fear
Potions
 f - 4 potions of curing
 g - a potion of mutation {unknown}
 h - 2 potions of brilliance
 m - a potion of haste
 q - 2 potions of flight
 t - a potion of attraction
 v - a potion of invisibility


   Skills:
 + Level 4.1 Fighting
 + Level 3.7 Short Blades
 + Level 3.3 Throwing
 + Level 3.0 Dodging
 + Level 4.8 Stealth
 + Level 3.0 Invocations


You had 6 spell levels left.
You didn't know any spells.
Your spell library contained the following spells:

 Spells                   Type           Power      Damage    Failure   Level
 Apportation              Tloc           0%         N/A       34%         1
 Gell's Gravitas          Tloc           0%         N/A       71%         3
 Teleport Other           Tloc           0%         N/A       71%         3
 Alistair's Intoxication  Tmut/Pois      0%         N/A       100%        5
 Dispersal                Tloc           0%         N/A       100%        6


Dungeon Overview and Level Annotations

Branches:
Dungeon (4/15)
 Temple: D:4-7

Altars:
Dithmenos
Lugonu


Innate Abilities, Weirdness & Mutations

You can breathe blasts of scalding, opaque steam.
Your pale cyan-grey scales are hard. (AC +6)
You cannot fit into any form of body armour.
You are cold-blooded and may be slowed by cold attacks.
You are immune to the effects of steam.


Message History

You tail-slap the orc priest, but do no damage!
The orc priest is severely wounded!
The orc priest hits you with a +0 trident!!!
The orc misses you!
You take 7 damage, and have 19/59 hp!
You stick the orc priest like a pincushion!
The orc priest is almost dead!
The orc priest hits you with a +0 trident! * * * don't die
* * * The orc barely misses you!
You take 3 damage, and have 16/59 hp!
You stick the orc priest but do no damage!
The orc priest is almost dead!
You have got your breath back!
The orc priest barely misses you! The orc closely misses you!
You spit the orc priest but do no damage!
You tail-slap the orc priest, but do no damage!
The orc priest is almost dead!
The orc priest hits you with a +0 trident! * * * don't die
* * * The orc completely misses you!
You take 5 damage, and have 12/59 hp!
You spit the orc priest but do no damage!
The orc priest is almost dead!
You skewer the orc priest but do no damage!
You tail-slap the orc priest!
The orc priest is almost dead!
The orc priest barely misses you! The orc misses you!
Throw: 5 javelins
Press: ? - help, Q - select action, (/) - cycle Shift-Dir - straight line, f - orc
Aim: an orc, wielding a +0 flail (62% to hit)
You throw a javelin! The javelin pierces through the orc!!!
You annihilate the orc!!!
Lugonu roars: ANNIHILATED!
The orc priest mumbles some strange prayers to Beogh against you!
Pain shoots through your body!!! * * * don't die
* * * The orc priest invokes the aid of Beogh against you!
Pain shoots through your body!!! rip

#.......... .
#.......... ..
#..........
...##......[...
...#.........
.).........
##.o.......
#()@.......
#...##.....
##...# ###
#...## ##...#
#...## ## ##
#...# #. .#
##...# #.. ..#
#...## #..♣
♣..#


You could see an orc priest.

Vanquished Creatures
  Grinder (D:3)
  Menkaure (D:4)
  Blork the orc (D:4)
  A necrophage (D:4)
  An orc priest (D:3)
  Terence (D:3)
  3 gnolls (D:3)
  3 adders
  2 worms
  A dart slug (D:1)
  5 orcs
  5 ball pythons
  5 endoplasms
  2 giant cockroaches
  2 goblins
  5 hobgoblins
  2 jackals (D:1)
  6 quokkas
  5 bats
  4 frilled lizards
  8 kobolds
  11 rats
75 creatures vanquished.

Notes
Turn   | Place    | Note
-------+----------+-------------------------------------------
     0 | D:1      | namelastname112 the Draconian Brigand began the quest for
                  | the Orb.
     0 | D:1      | Reached XP level 1. HP: 17/17 MP: 1/1
     2 | D:1      | Found a faded altar of an unknown god.
    62 | D:1      | Reached skill level 1 in Dodging
    97 | D:1      | Prayed at the altar of an unknown god.
    97 | D:1      | Became a worshipper of Lugonu the Unformed
    97 | D:1      | Reached * piety under Lugonu
    97 | D:1      | Reached ** piety under Lugonu
   126 | D:1      | Reached XP level 2. HP: 25/25 MP: 2/2
   664 | D:1      | Reached XP level 3. HP: 29/30 MP: 3/3
  1674 | D:2      | Reached skill level 1 in Invocations
  1887 | D:2      | Reached *** piety under Lugonu
  1924 | D:2      | Reached XP level 4. HP: 37/37 MP: 4/4
  2031 | D:2      | Identified the ring of Plog {Ice rN+}
  2328 | D:3      | Noticed Terence
  2357 | D:3      | Killed Terence
  2663 | D:3      | Noticed Grinder
  2677 | D:3      | Paralysed by Grinder for 2 turns
  2683 | D:3      | Killed Grinder
  2684 | D:3      | Reached XP level 5. HP: 11/45 MP: 4/6
  2684 | D:3      | Reached XP level 6. HP: 13/51 MP: 4/7
  2932 | D:3      | You fall into a shaft and drop 1 floor!
  2948 | D:4      | Noticed Menkaure
  2959 | D:4      | Killed Menkaure
  3543 | D:3      | Found a shadowy altar of Dithmenos.
  4118 | D:4      | Noticed Blork the orc
  4125 | D:4      | Killed Blork the orc
  4126 | D:4      | Your scales start taking on a pale cyan-grey colour.
  4126 | D:4      | Reached XP level 7. HP: 59/59 MP: 9/9
  4126 | D:4      | Gained mutation: You are immune to the effects of steam.
                  | [Pale Draconian growth]
  4307 | D:4      | Killed from afar by an orc priest

Illustrated notes

Levels and vault maps discovered:
D:1:      dpeg_arrival_ratfight, layout_basic, basic_ecumenical_altar
D:2:      layout_loops_corners
D:3:      layout_loops_ring, nicolae_dithmenos_shadow_blocks,
          minmay_misc_feat_nine_boxes, minmay_misc_feat_five, uniq_grinder,
          uniq_terence
D:4:      layout_cave_pods, kennysheep_mini_moat, serial_shops,
          nicolae_shop_overgrown_old_shop, minivault_23,
          kennysheep_generic_room_10, uniq_menkaure, uniq_blork_the_orc

Skill      XL: |  1  2  3  4  5  6  7 |
---------------+----------------------+-----
Dodging        | 1 2 3 |  3.0
Throwing       | 2 3 |  3.3
Invocations    | 1 2 3 |  3.0
Fighting       | 3 4 |  4.1
Stealth        | 4 |  4.8
Short Blades   | 3 |  3.7

Action                   |  1- 3 |  4- 6 |  7- 9 || total
-------------------------+-------+-------+-------++-------
Melee: Dagger            |   126 |   101 |    30 ||   257
       Tailslap          |     4 |    14 |     7 ||    25
       Punch             |     1 |     1 |       ||     2
Throw: Dart              |       |    10 |       ||    10
       Javelin           |       |    13 |     1 ||    14
 Abil: Breathe Steam     |       |       |     2 ||     2
  Use: Scroll            |       |    13 |       ||    13
 Stab: Sleeping          |     8 |     5 |       ||    13
Armor: Skin              |    29 |    24 |     7 ||    60
Dodge: Dodged            |    69 |    56 |    27 ||   152

Table legend: (Time is in decaauts)
 A = Elapsed time spent in this place.
 B = Non-inter-level travel time spent in this place.
 C = Inter-level travel time spent in this place.
 D = Time resting spent in this place.
 E = Time spent auto-exploring this place.
 F = Levels seen in this place.
 G = Mean time per level.
                   A        B        C        D        E       F      G
               +--------+--------+--------+--------+--------+-----+--------+
         Total |   4278 |   4155 |    123 |    804 |   2763 |   4 | 1069.5 |
       Dungeon |   4278 |   4155 |    123 |    804 |   2763 |   4 | 1069.5 |
               +--------+--------+--------+--------+--------+-----+--------+

Top non-repeatable levels by time:
     D:3: 1510 daAuts
     D:2: 1253 daAuts
     D:1: 1061 daAuts
     D:4: 453 daAuts
